Thunder vs Little Stars
(R1)
Created - 21 novembre 2012 at 23:16
Goals
|
| Thunder |
1 |
2 |
2 |
5 |
| Little Stars |
2 |
0 |
5 |
7 |
|
Shots
|
| Thunder |
11 |
11 |
15 |
37 |
| Little Stars |
15 |
4 |
15 |
34 |
|
1st period
1. Thunder , Peter Regin 3 (Jason Chimera, Doug Janik) at 5:20 (PP)
2. Little Stars , Steve Regier 2 (Nathan Gerbe, Jordan Hendry) at 11:08 (PP)
3. Little Stars , Cody Bass 3 (Steve MacIntyre) at 19:36
Penalties :
Matt D'Agostini (Tex) for Tripping (Minor) at 4:11, Joey Ryan (TRO) for Holding (Minor) at 10:35, Peter Regin (TRO) for Hooking (Minor) at 11:15, Boris Valabik (Tex) for Hooking (Minor) at 16:04
2nd period
4. Thunder , Samuel Pahlsson 5 (Ivan Novoseltsev) at 5:13
5. Thunder , Pierre-Alexandre Parenteau 4 (Alexei Semenov, Daniel Winnik) at 17:30
Penalties :
Jordan Bendfeld (Tex) for Roughing (Minor) at 7:17, Jordan Bendfeld (Tex) for Boarding (Minor) at 12:51, Matt Halischuk (Tex) for Holding (Minor) at 17:38
3rd period
6. Thunder , Peter Regin 4 (Adam Hall) at 0:15
7. Little Stars , Steve Regier 3 (Nathan Gerbe, Jonathan Blum) at 1:39
8. Little Stars , Boris Valabik 1 (Greg Stewart, Patrick O'Sullivan) at 2:47 (PP)
9. Little Stars , Jordan Hendry 3 (Greg Stewart, Patrick O'Sullivan) at 5:12
10. Little Stars , Nathan Gerbe 2 (Greg Stewart, Patrick O'Sullivan) at 8:44 (PP)
11. Thunder , Samuel Pahlsson 6 (Ivan Novoseltsev, Scott Parse) at 10:21 (PP)
12. Little Stars , Nathan Gerbe 3 (Steve Regier) at 15:55 (SH)
Penalties :
Dany Roussin (TRO) for Holding Stick (Minor) at 2:41, Steve Regier (Tex) for Tripping (Minor) at 5:40, Daniel Winnik (TRO) for High sticking (Minor) at 8:14, Nathan Gerbe (Tex) for Interference (Minor) at 9:22, Krys Kolanos (Tex) for Hooking (Minor) at 11:23, Dany Roussin (TRO) for Boarding (Minor) at 11:23, Matt Pelech (Tex) for Hooking (Minor) at 14:01, Krys Kolanos (Tex) for Roughing (Minor) at 16:02, Mike Weber (TRO) for Interference (Minor) at 16:02
Goalie Stats
Adam Munro (TRO), 5 saves from 6 shots - (0,833), 11:16 minutes
Ben Bishop (TRO), 22 saves from 28 shots - (0,786), L, 0-1-0, 48:44 minutes
Philippe Sauvé (Tex), 32 saves from 37 shots - (0,865), W, 2-1-0, 60:00 minutes
Players Stats for Thunder
Player Name G A P +/- PIM S H SB GA TA FO MP PP MP PK MP
------------------------------------------------------------------------------------
Adam Hall 0 1 1 0 0 0 3 1 1 0 0/1 21:41 8:02 0:25
Alexei Semenov 0 1 1 0 0 1 3 3 0 0 0/0 30:11 9:22 2:11
Andreas Engqvist 0 0 0 1 0 1 2 0 0 0 2/7 7:26 0:00 0:00
Billy Sweat 0 0 0 0 0 0 0 0 0 0 0/0 0:00 0:00 0:00
Brandon Mashinter 0 0 0 0 0 0 0 0 0 0 0/0 0:00 0:00 0:00
Casey Pierro-Zabotel 0 0 0 0 0 0 0 0 0 0 0/0 0:00 0:00 0:00
Colton Gillies 0 0 0 0 0 0 0 0 0 0 0/0 0:00 0:00 0:00
Daniel Winnik 0 1 1 1 2 4 2 0 0 0 0/0 8:15 0:00 0:38
Dany Roussin 0 0 0 -2 4 2 1 1 2 0 1/3 9:54 0:00 0:44
Derek Peltier 0 0 0 -1 0 0 0 1 0 0 0/0 20:23 4:40 0:57
Doug Janik 0 1 1 0 0 3 1 4 2 1 0/0 27:51 9:22 2:11
Ivan Novoseltsev 0 2 2 0 0 2 2 0 1 0 1/1 17:24 5:55 0:25
Jason Chimera 0 1 1 0 0 4 2 0 0 0 0/1 20:04 7:55 0:00
Joey Ryan 0 0 0 0 2 1 0 0 0 1 0/0 10:13 0:00 0:00
Jon Kalinski 0 0 0 0 0 0 0 0 0 0 0/0 0:00 0:00 0:00
Kevin Montgomery 0 0 0 0 0 0 1 0 0 0 0/0 2:20 0:00 0:00
Mike Weber 0 0 0 -1 2 2 5 2 0 1 0/0 19:20 4:40 0:57
Pat Dwyer 0 0 0 0 0 0 0 0 0 0 0/0 0:17 0:04 0:00
Peter Regin 2 0 2 0 2 6 2 1 1 0 18/36 22:50 8:02 1:09
Pierre-Alexandre Parente 1 0 1 1 0 2 0 0 1 0 0/0 9:42 0:05 0:00
Ray Macias 0 0 0 0 0 1 0 1 0 0 0/0 10:04 0:00 0:00
Samuel Pahlsson 2 0 2 0 0 4 1 1 0 0 6/10 19:17 5:55 2:05
Scott Parse 0 1 1 0 0 1 1 1 0 0 0/0 15:22 5:55 0:00
T.J. Oshie 0 0 0 -2 0 1 1 0 0 0 0/0 10:54 0:13 0:00
Tom Pyatt 0 0 0 -2 0 2 0 0 1 0 1/5 9:20 0:00 0:50
Players Stats for Little Stars
Player Name G A P +/- PIM S H SB GA TA FO MP PP MP PK MP
------------------------------------------------------------------------------------
Boris Valabik 1 0 1 -1 2 2 2 0 0 1 0/0 28:38 2:22 7:56
Cody Bass 1 0 1 1 0 1 2 0 0 0 4/5 8:46 0:00 2:18
Greg Stewart 0 3 3 0 0 6 1 0 1 1 2/2 25:04 1:50 8:13
Hugh Jessiman 0 0 0 0 0 0 1 0 0 0 0/1 14:43 1:50 0:00
Jonathan Blum 0 1 1 2 0 0 0 1 0 0 0/0 9:42 0:00 0:28
Jordan Bendfeld 0 0 0 3 4 0 3 1 0 1 0/0 10:59 0:00 1:32
Jordan Hendry 1 1 2 -1 0 3 1 1 1 2 0/0 29:37 2:22 9:03
Krys Kolanos 0 0 0 0 4 2 2 0 0 0 10/20 16:12 0:00 8:11
Matt D'Agostini 0 0 0 -1 2 1 2 1 0 0 1/1 12:10 1:15 0:00
Matt Halischuk 0 0 0 0 2 1 0 0 0 0 0/0 9:23 0:03 0:00
Matt Pelech 0 0 0 -1 2 0 3 0 0 0 0/0 20:22 0:46 4:11
Nathan Gerbe 2 2 4 0 2 7 1 0 0 1 4/11 17:38 1:15 4:11
Oskar Osala 0 0 0 0 0 1 1 0 0 1 0/0 9:11 0:03 0:00
Patrick O'Sullivan 0 3 3 0 0 2 1 0 0 0 12/22 16:34 1:50 0:00
Steve MacIntyre 0 1 1 1 0 4 1 0 1 1 0/0 8:01 0:00 1:32
Steve Regier 2 1 3 0 2 4 3 0 0 0 1/1 17:06 1:15 3:39
Troy Bodie 0 0 0 1 0 0 1 0 0 0 1/1 6:40 0:03 0:00
Tyler Eckford 0 0 0 0 0 0 0 2 0 1 0/0 21:04 0:46 4:54
3 Stars
1 - Nathan Gerbe (Tex)
2 - Steve Regier (Tex)
3 - Samuel Pahlsson (TRO)
Power Play
Thunder - 2 on 8 Attempt(s) - 25,00%
Little Stars - 3 on 4 Attempt(s) - 75,00%
Penalty Kill
Thunder - 1 on 4 Attempt(s) - 25,00%
- Score 0 goal in Penalty Kill
Little Stars - 6 on 8 Attempt(s) - 75,00%
- Score 1 goal in Penalty Kill
Official
Referees : Furlatt Eric and McCreary Bill
Linesman : Greg Devorski and Pierre Racicot
Game Notes
17:30 of 2nd period - Thunder goal is going for a video replay. After video review, Goal.
Adam Munro enters game at 8:44 of 3rd period
Thunder
5 vs 5 Forward
Center Left Wing Right Wing Time % Phy DF OF
1 Peter Regin Jason Chimera Adam Hall 40 1 2 2
2 Samuel Pahlsson Scott Parse Ivan Novoseltsev 30 1 2 2
3 Tom Pyatt Dany Roussin T.J. Oshie 20 1 2 2
4 Andreas Engqvist Daniel Winnik Pierre-Alexandre Parentea10 1 2 2
5 vs 5 Defense
Defense Defense Time % Phy DF OF
1 Alexei Semenov Doug Janik 40 1 2 2
2 Mike Weber Derek Peltier 30 1 2 2
3 Ray Macias Joey Ryan 20 1 2 2
4 Kevin Montgomery Alexei Semenov 10 1 2 2
PowerPlay Forward
Center Left Wing Right Wing Time % Phy DF OF
1 Peter Regin Jason Chimera Adam Hall 60 1 2 2
2 Samuel Pahlsson Scott Parse Ivan Novoseltsev 40 1 2 2
PowerPlay Defense
Defense Defense Time % Phy DF OF
1 Alexei Semenov Doug Janik 60 1 2 2
2 Mike Weber Derek Peltier 40 1 2 2
Penalty Kill 4 Players Forward
Center Wing Time % Phy DF OF
1 Peter Regin Samuel Pahlsson 60 1 2 2
2 Adam Hall Ivan Novoseltsev 40 1 2 2
Penalty Kill 4 Players Defense
Defense Defense Time % Phy DF OF
1 Alexei Semenov Doug Janik 60 1 2 2
2 Mike Weber Derek Peltier 40 1 2 2
Penalty Kill - 3 Players Forward
Forward Time % Phy DF OF
1 Peter Regin 60 1 2 2
2 Samuel Pahlsson 40 1 2 2
Penalty Kill - 3 Players Defense
Defense Defense Time % Phy DF OF
1 Alexei Semenov Doug Janik 60 1 2 2
2 Mike Weber Derek Peltier 40 1 2 2
4 vs 4 Forward
Center Wing Time % Phy DF OF
1 Peter Regin Samuel Pahlsson 60 1 2 2
2 Adam Hall Ivan Novoseltsev 40 1 2 2
4 vs 4 Defense
Defense Defense Time % Phy DF OF
1 Alexei Semenov Doug Janik 60 1 2 2
2 Mike Weber Derek Peltier 40 1 2 2
Last Minutes Offensive
Center Left Wing Right Wing Defense Defense
Peter Regin Jason Chimera Adam Hall Alexei Semenov Doug Janik
Last Minutes Defensive
Center Left Wing Right Wing Defense Defense
Peter Regin Jason Chimera Adam Hall Alexei Semenov Doug Janik
Goaltenders
Starting : Ben Bishop
Backup : Adam Munro
Extra Forwards
Normal : T.J. Oshie, Pierre-Alexandre Parenteau, Dany Roussin - PP : T.J. Oshie, Pierre-Alexandre Parenteau - PK : Dany Roussin
Extra Defensemen
Normal : Ray Macias, Joey Ryan, Kevin Montgomery - PP : Ray Macias - PK : Joey Ryan, Kevin Montgomery
Penalty Shots
Peter Regin, Samuel Pahlsson, Adam Hall, Ivan Novoseltsev, T.J. Oshie
Little Stars
5 vs 5 Forward
Center Left Wing Right Wing Time % Phy DF OF
1 Patrick O'Sullivan Greg Stewart Hugh Jessiman 40 1 2 2
2 Nathan Gerbe Steve Regier Matt D'Agostini 30 1 2 2
3 Krys Kolanos Oskar Osala Matt Halischuk 20 1 2 2
4 Cody Bass Steve MacIntyre Troy Bodie 10 1 2 2
5 vs 5 Defense
Defense Defense Time % Phy DF OF
1 Boris Valabik Jordan Hendry 40 1 2 2
2 Tyler Eckford Matt Pelech 30 1 2 2
3 Jonathan Blum Jordan Bendfeld 20 1 2 2
4 Boris Valabik Jordan Hendry 10 1 2 2
PowerPlay Forward
Center Left Wing Right Wing Time % Phy DF OF
1 Patrick O'Sullivan Greg Stewart Hugh Jessiman 60 1 2 2
2 Nathan Gerbe Steve Regier Matt D'Agostini 40 1 2 2
PowerPlay Defense
Defense Defense Time % Phy DF OF
1 Boris Valabik Jordan Hendry 60 1 2 2
2 Tyler Eckford Matt Pelech 40 1 2 2
Penalty Kill 4 Players Forward
Center Wing Time % Phy DF OF
1 Krys Kolanos Greg Stewart 60 1 2 2
2 Nathan Gerbe Steve Regier 40 1 2 2
Penalty Kill 4 Players Defense
Defense Defense Time % Phy DF OF
1 Boris Valabik Jordan Hendry 60 1 2 2
2 Tyler Eckford Matt Pelech 40 1 2 2
Penalty Kill - 3 Players Forward
Forward Time % Phy DF OF
1 Greg Stewart 60 1 2 2
2 Steve Regier 40 1 2 2
Penalty Kill - 3 Players Defense
Defense Defense Time % Phy DF OF
1 Boris Valabik Jordan Hendry 60 1 2 2
2 Tyler Eckford Matt Pelech 40 1 2 2
4 vs 4 Forward
Center Wing Time % Phy DF OF
1 Patrick O'Sullivan Greg Stewart 60 1 2 2
2 Nathan Gerbe Steve Regier 40 1 2 2
4 vs 4 Defense
Defense Defense Time % Phy DF OF
1 Boris Valabik Jordan Hendry 60 1 2 2
2 Tyler Eckford Matt Pelech 40 1 2 2
Last Minutes Offensive
Center Left Wing Right Wing Defense Defense
Patrick O'Sullivan Steve Regier Hugh Jessiman Boris Valabik Jordan Hendry
Last Minutes Defensive
Center Left Wing Right Wing Defense Defense
Krys Kolanos Greg Stewart Hugh Jessiman Boris Valabik Jordan Hendry
Goaltenders
Starting : Philippe Sauvé
Backup : Alex Auld
Extra Forwards
Normal : Oskar Osala, Matt Halischuk, Cody Bass - PP : Oskar Osala, Matt Halischuk - PK : Cody Bass
Extra Defensemen
Normal : Jonathan Blum, Jordan Bendfeld, Boris Valabik - PP : Jonathan Blum - PK : Jordan Bendfeld, Tyler Eckford
Penalty Shots
Patrick O'Sullivan, Steve Regier, Krys Kolanos, Greg Stewart, Nathan Gerbe
% Time on Ice - Thunder
Lines # - Real PCT - Wanted PCT - Time Play
Normal Forward
1 - 34% - 40% - 13:06
2 - 25% - 30% - 9:50
3 - 22% - 20% - 8:30
4 - 19% - 10% - 7:26
Normal Defense
1 - 38% - 40% - 14:38
2 - 32% - 30% - 12:28
3 - 24% - 20% - 9:26
4 - 6% - 10% - 2:20
PP Forward
1 - 58% - 60% - 8:07
2 - 42% - 40% - 5:55
PP Defense
1 - 67% - 60% - 9:22
2 - 33% - 40% - 4:40
PK Forward
1 - 87% - 60% - 2:43
2 - 13% - 40% - 0:25
PK Defense
1 - 70% - 60% - 2:11
2 - 30% - 40% - 0:57
PK3 Forward
1 - 0% - 60%
2 - 0% - 40%
PK3 Defense
1 - 0% - 60%
2 - 0% - 40%
44 Forward
1 - 78% - 60% - 3:06
2 - 22% - 40% - 0:52
44 Defense
1 - 42% - 60% - 1:40
2 - 58% - 40% - 2:18
Last Minute Offensive - 0:00
Last Minute Defensive - 0:00
Total
Forward - 60:00
Defense - 60:00
|
% Time on Ice - Little Stars
Lines # - Real PCT - Wanted PCT - Time Play
Normal Forward
1 - 37% - 40% - 14:14
2 - 29% - 30% - 11:21
3 - 18% - 20% - 7:00
4 - 16% - 10% - 6:17
Normal Defense
1 - 42% - 40% - 16:17
2 - 35% - 30% - 13:30
3 - 23% - 20% - 9:05
4 - 0% - 10% - 0:00
PP Forward
1 - 60% - 60% - 1:53
2 - 40% - 40% - 1:15
PP Defense
1 - 76% - 60% - 2:22
2 - 24% - 40% - 0:46
PK Forward
1 - 69% - 60% - 9:40
2 - 31% - 40% - 4:22
PK Defense
1 - 65% - 60% - 9:08
2 - 35% - 40% - 4:54
PK3 Forward
1 - 0% - 60%
2 - 0% - 40%
PK3 Defense
1 - 0% - 60%
2 - 0% - 40%
44 Forward
1 - 78% - 60% - 3:06
2 - 22% - 40% - 0:52
44 Defense
1 - 52% - 60% - 2:04
2 - 48% - 40% - 1:54
Last Minute Offensive - 0:00
Last Minute Defensive - 0:00
Total
Forward - 60:00
Defense - 60:00
|
Play by Play
1st period
0:01 of 1st period - Peter Regin wins face-off versus Patrick O'Sullivan in neutral zone.
0:25 of 1st period - Boris Valabik is hit by Ivan Novoseltsev and loses puck.
0:52 of 1st period - Wrist shot by T.J. Oshie.
0:52 of 1st period - Deflect By Tom Pyatt.
0:52 of 1st period - Shot Blocked by Jordan Hendry.
0:52 of 1st period - Puck is out of play.
0:53 of 1st period - Andreas Engqvist wins face-off versus Cody Bass in Little Stars zone.
0:58 of 1st period - Slapshot by Daniel Winnik.
0:58 of 1st period - Stopped by Philippe Sauvé without a rebound.
0:59 of 1st period - Cody Bass wins face-off versus Andreas Engqvist in Little Stars zone.
1:30 of 1st period - Snap shot by Jason Chimera.
1:30 of 1st period - Stopped by Philippe Sauvé with a rebound.
1:46 of 1st period - Derek Peltier is hit by Matt Pelech and loses puck.
2:05 of 1st period - Slapshot by Krys Kolanos.
2:05 of 1st period - Stopped by Ben Bishop with a rebound.
2:31 of 1st period - Wrist shot by Steve MacIntyre.
2:31 of 1st period - Stopped by Ben Bishop with a rebound.
2:33 of 1st period - Wrist shot by Steve MacIntyre.
2:33 of 1st period - Stopped by Ben Bishop with a rebound.
2:35 of 1st period - Slapshot by Cody Bass.
2:35 of 1st period - Shot Blocked by Alexei Semenov.
2:49 of 1st period - Snap shot by Greg Stewart.
2:49 of 1st period - Stopped by Ben Bishop with a rebound.
2:51 of 1st period - Slapshot by Jonathan Blum.
2:51 of 1st period - Deflect By Patrick O'Sullivan.
2:51 of 1st period - Stopped by Ben Bishop with a rebound.
2:53 of 1st period - Slapshot by Greg Stewart.
2:53 of 1st period - Stopped by Ben Bishop without a rebound.
2:54 of 1st period - Nathan Gerbe wins face-off versus Peter Regin in Thunder zone.
2:55 of 1st period - Snap shot by Steve Regier.
2:55 of 1st period - Shot Misses the Net.
3:05 of 1st period - Wrist shot by Jason Chimera.
3:05 of 1st period - Stopped by Philippe Sauvé with a rebound.
3:07 of 1st period - Wrist shot by Adam Hall.
3:07 of 1st period - Shot Misses the Net.
3:31 of 1st period - Wrist shot by Samuel Pahlsson.
3:31 of 1st period - Stopped by Philippe Sauvé without a rebound.
3:32 of 1st period - Tom Pyatt wins face-off versus Krys Kolanos in Little Stars zone.
3:41 of 1st period - Slapshot by Alexei Semenov.
3:41 of 1st period - Shot Misses the Net.
3:47 of 1st period - Slapshot by Krys Kolanos.
3:47 of 1st period - Shot Misses the Net.
3:59 of 1st period - Boris Valabik is hit by Kevin Montgomery and loses puck.
4:10 of 1st period - Snap shot by Jason Chimera.
4:10 of 1st period - Stopped by Philippe Sauvé without a rebound.
4:11 of 1st period - Samuel Pahlsson wins face-off versus Nathan Gerbe in Little Stars zone.
4:11 of 1st period - Minor Penalty to Matt D'Agostini for Tripping.
4:12 of 1st period - Krys Kolanos wins face-off versus Peter Regin in Little Stars zone.
4:20 of 1st period - Off-side.
4:21 of 1st period - Krys Kolanos wins face-off versus Peter Regin in neutral zone.
4:32 of 1st period - Snap shot by Greg Stewart.
4:32 of 1st period - Stopped by Ben Bishop with a rebound.
5:20 of 1st period - Snap shot by Peter Regin.
5:20 of 1st period - Goal by Peter Regin - Thunder : 1 - Little Stars : 0.
5:21 of 1st period - Steve Regier wins face-off versus Samuel Pahlsson in neutral zone.
5:46 of 1st period - T.J. Oshie is hit by Jordan Bendfeld and loses puck.
5:52 of 1st period - Alexei Semenov is hit by Jordan Bendfeld and loses puck.
6:09 of 1st period - Wrist shot by Krys Kolanos.
6:09 of 1st period - Shot Misses the Net.
7:03 of 1st period - Wrist shot by Steve MacIntyre.
7:03 of 1st period - Stopped by Ben Bishop with a rebound.
7:23 of 1st period - Wrist shot by Dany Roussin.
7:23 of 1st period - Shot Blocked by Matt D'Agostini.
7:35 of 1st period - Ivan Novoseltsev is hit by Matt Pelech and loses puck.
7:44 of 1st period - Snap shot by Greg Stewart.
7:44 of 1st period - Shot Misses the Net.
7:46 of 1st period - Snap shot by Greg Stewart.
7:46 of 1st period - Stopped by Ben Bishop with a rebound.
7:48 of 1st period - Backhand shot by Patrick O'Sullivan.
7:48 of 1st period - Stopped by Ben Bishop with a rebound.
8:05 of 1st period - Alexei Semenov is hit by Oskar Osala and loses puck.
8:45 of 1st period - Hugh Jessiman is hit by T.J. Oshie and loses puck.
9:07 of 1st period - Snap shot by Ivan Novoseltsev.
9:07 of 1st period - Shot Hit the Post.
9:09 of 1st period - Slapshot by Doug Janik.
9:09 of 1st period - Stopped by Philippe Sauvé with a rebound.
9:19 of 1st period - Slapshot by Steve Regier.
9:19 of 1st period - Shot Misses the Net.
9:25 of 1st period - Snap shot by Steve Regier.
9:25 of 1st period - Deflect By Nathan Gerbe.
9:25 of 1st period - Stopped by Ben Bishop with a rebound.
9:27 of 1st period - Snap shot by Steve Regier.
9:27 of 1st period - Shot Misses the Net.
9:37 of 1st period - Jordan Hendry is hit by Andreas Engqvist and loses puck.
9:46 of 1st period - Snap shot by Pierre-Alexandre Parenteau.
9:46 of 1st period - Shot Misses the Net.
9:48 of 1st period - Slapshot by Derek Peltier.
9:48 of 1st period - Shot Misses the Net.
9:50 of 1st period - Slapshot by Mike Weber.
9:50 of 1st period - Deflect By Steve MacIntyre.
9:50 of 1st period - Stopped by Philippe Sauvé with a rebound.
10:18 of 1st period - Mike Weber is hit by Matt D'Agostini and loses puck.
10:35 of 1st period - Minor Penalty to Joey Ryan for Holding.
10:36 of 1st period - Patrick O'Sullivan wins face-off versus Peter Regin in Thunder zone.
11:08 of 1st period - Snap shot by Steve Regier.
11:08 of 1st period - Goal by Steve Regier - Thunder : 1 - Little Stars : 1.
11:09 of 1st period - Greg Stewart wins face-off versus Peter Regin in neutral zone.
11:15 of 1st period - Minor Penalty to Peter Regin for Hooking.
11:16 of 1st period - Patrick O'Sullivan wins face-off versus Dany Roussin in Thunder zone.
11:19 of 1st period - Wrist shot by Patrick O'Sullivan.
11:19 of 1st period - Shot Misses the Net.
11:21 of 1st period - Slapshot by Boris Valabik.
11:21 of 1st period - Shot Blocked by Doug Janik.
11:23 of 1st period - Slapshot by Jordan Hendry.
11:23 of 1st period - Shot Blocked by Alexei Semenov.
11:25 of 1st period - Slapshot by Jordan Hendry.
11:25 of 1st period - Shot Blocked by Doug Janik.
11:41 of 1st period - Nathan Gerbe is hit by Alexei Semenov and loses puck.
12:48 of 1st period - Snap shot by Daniel Winnik.
12:48 of 1st period - Shot Misses the Net.
13:15 of 1st period - Penalty to Peter Regin is over, Peter Regin is back on ice.
13:22 of 1st period - Tyler Eckford is hit by Jason Chimera.
13:40 of 1st period - Tyler Eckford is hit by Scott Parse and loses puck.
13:56 of 1st period - Tyler Eckford is hit by Andreas Engqvist and loses puck.
15:11 of 1st period - Snap shot by Dany Roussin.
15:11 of 1st period - Stopped by Philippe Sauvé with a rebound.
15:13 of 1st period - Slapshot by Tom Pyatt.
15:13 of 1st period - Stopped by Philippe Sauvé without a rebound.
15:14 of 1st period - Krys Kolanos wins face-off versus Tom Pyatt in Little Stars zone.
15:23 of 1st period - Snap shot by Krys Kolanos.
15:23 of 1st period - Deflect By Oskar Osala.
15:23 of 1st period - Shot Blocked by Ray Macias.
15:23 of 1st period - Puck is out of play.
15:24 of 1st period - Peter Regin wins face-off versus Krys Kolanos in Thunder zone.
15:33 of 1st period - Wrist shot by Krys Kolanos.
15:33 of 1st period - Stopped by Ben Bishop with a rebound.
16:04 of 1st period - Minor Penalty to Boris Valabik for Hooking.
16:05 of 1st period - Peter Regin wins face-off versus Krys Kolanos in Little Stars zone.
18:04 of 1st period - Penalty to Boris Valabik is over, Boris Valabik is back on ice.
18:08 of 1st period - Derek Peltier is hit by Boris Valabik.
18:23 of 1st period - Wrist shot by Pierre-Alexandre Parenteau.
18:23 of 1st period - Shot Misses the Net.
18:25 of 1st period - Wrist shot by Ray Macias.
18:25 of 1st period - Stopped by Philippe Sauvé without a rebound.
18:26 of 1st period - Krys Kolanos wins face-off versus Dany Roussin in Little Stars zone.
18:35 of 1st period - Snap shot by Oskar Osala.
18:35 of 1st period - Stopped by Ben Bishop with a rebound.
19:29 of 1st period - Joey Ryan is hit by Cody Bass and loses puck.
19:36 of 1st period - Wrist shot by Cody Bass.
19:36 of 1st period - Goal by Cody Bass - Thunder : 1 - Little Stars : 2.
19:37 of 1st period - Peter Regin wins face-off versus Hugh Jessiman in neutral zone.
19:42 of 1st period - Hugh Jessiman is hit by Jason Chimera and loses puck.
2nd period
0:01 of 2nd period - Peter Regin wins face-off versus Patrick O'Sullivan in neutral zone.
0:47 of 2nd period - T.J. Oshie is hit by Krys Kolanos and loses puck.
1:45 of 2nd period - Matt Pelech is hit by Daniel Winnik.
2:12 of 2nd period - Krys Kolanos is hit by Adam Hall.
3:13 of 2nd period - Matt D'Agostini is hit by Mike Weber and loses puck.
3:26 of 2nd period - Slapshot by Alexei Semenov.
3:26 of 2nd period - Stopped by Philippe Sauvé without a rebound.
3:27 of 2nd period - Krys Kolanos wins face-off versus Andreas Engqvist in Little Stars zone.
3:48 of 2nd period - Wrist shot by Pierre-Alexandre Parenteau.
3:48 of 2nd period - Deflect By Andreas Engqvist.
3:48 of 2nd period - Stopped by Philippe Sauvé with a rebound.
3:58 of 2nd period - Snap shot by Pierre-Alexandre Parenteau.
3:58 of 2nd period - Deflect By Daniel Winnik.
3:58 of 2nd period - Stopped by Philippe Sauvé without a rebound.
3:59 of 2nd period - Peter Regin wins face-off versus Nathan Gerbe in Little Stars zone.
4:02 of 2nd period - Wrist shot by Adam Hall.
4:02 of 2nd period - Shot Misses the Net.
4:08 of 2nd period - Doug Janik is hit by Steve Regier and loses puck.
4:13 of 2nd period - Wrist shot by Nathan Gerbe.
4:13 of 2nd period - Shot Blocked by Alexei Semenov.
4:26 of 2nd period - Off-side.
4:27 of 2nd period - Samuel Pahlsson wins face-off versus Patrick O'Sullivan in neutral zone.
4:27 of 2nd period - Derek Peltier is hit by Hugh Jessiman and loses puck.
4:37 of 2nd period - Icing by Boris Valabik.
4:38 of 2nd period - Patrick O'Sullivan wins face-off versus Peter Regin in Little Stars zone.
5:07 of 2nd period - Wrist shot by Nathan Gerbe.
5:07 of 2nd period - Stopped by Ben Bishop without a rebound.
5:08 of 2nd period - Samuel Pahlsson wins face-off versus Nathan Gerbe in Thunder zone.
5:13 of 2nd period - Snap shot by Samuel Pahlsson.
5:13 of 2nd period - Goal by Samuel Pahlsson - Thunder : 2 - Little Stars : 2.
5:14 of 2nd period - Patrick O'Sullivan wins face-off versus Peter Regin in neutral zone.
5:25 of 2nd period - Wrist shot by Patrick O'Sullivan.
5:25 of 2nd period - Shot Misses the Net.
5:27 of 2nd period - Slapshot by Boris Valabik.
5:27 of 2nd period - Stopped by Ben Bishop with a rebound.
5:29 of 2nd period - Slapshot by Jordan Hendry.
5:29 of 2nd period - Deflect By Patrick O'Sullivan.
5:29 of 2nd period - Shot Misses the Net.
5:29 of 2nd period - Puck is out of play.
5:30 of 2nd period - Samuel Pahlsson wins face-off versus Nathan Gerbe in Thunder zone.
5:36 of 2nd period - Icing by Steve Regier.
5:37 of 2nd period - Samuel Pahlsson wins face-off versus Nathan Gerbe in Little Stars zone.
5:40 of 2nd period - Wrist shot by Ivan Novoseltsev.
5:40 of 2nd period - Stopped by Philippe Sauvé with a rebound.
6:12 of 2nd period - Jordan Hendry is hit by Adam Hall and loses puck.
7:17 of 2nd period - Minor Penalty to Jordan Bendfeld for Roughing.
7:18 of 2nd period - Krys Kolanos wins face-off versus Peter Regin in Little Stars zone.
7:18 of 2nd period - Krys Kolanos is hit by Peter Regin.
9:17 of 2nd period - Penalty to Jordan Bendfeld is over, Jordan Bendfeld is back on ice.
10:06 of 2nd period - Matt Halischuk is hit by Alexei Semenov and loses puck.
10:35 of 2nd period - Adam Hall is hit by Patrick O'Sullivan and loses puck.
11:02 of 2nd period - Steve Regier is hit by Mike Weber and loses puck.
11:15 of 2nd period - Boris Valabik is hit by Mike Weber.
11:21 of 2nd period - Andreas Engqvist is hit by Troy Bodie and loses puck.
12:10 of 2nd period - Slapshot by Steve Regier.
12:10 of 2nd period - Shot Blocked by Peter Regin.
12:12 of 2nd period - Wrist shot by Steve Regier.
12:12 of 2nd period - Shot Misses the Net.
12:14 of 2nd period - Slapshot by Matt Pelech.
12:14 of 2nd period - Shot Blocked by Doug Janik.
12:33 of 2nd period - Derek Peltier is hit by Cody Bass and loses puck.
12:51 of 2nd period - Minor Penalty to Jordan Bendfeld for Boarding.
12:52 of 2nd period - Peter Regin wins face-off versus Krys Kolanos in Little Stars zone.
13:03 of 2nd period - Wrist shot by Peter Regin.
13:03 of 2nd period - Shot Misses the Net.
13:05 of 2nd period - Snap shot by Mike Weber.
13:05 of 2nd period - Shot Misses the Net.
13:07 of 2nd period - Wrist shot by Jason Chimera.
13:07 of 2nd period - Stopped by Philippe Sauvé with a rebound.
13:17 of 2nd period - Derek Peltier is hit by Greg Stewart.
13:23 of 2nd period - Backhand shot by Samuel Pahlsson.
13:23 of 2nd period - Shot Misses the Net.
14:51 of 2nd period - Penalty to Jordan Bendfeld is over, Jordan Bendfeld is back on ice.
15:04 of 2nd period - Off-side.
15:05 of 2nd period - Nathan Gerbe wins face-off versus Tom Pyatt in neutral zone.
15:08 of 2nd period - T.J. Oshie is hit by Jordan Bendfeld and loses puck.
15:31 of 2nd period - Ray Macias is hit by Steve MacIntyre.
16:20 of 2nd period - Snap shot by Ivan Novoseltsev.
16:20 of 2nd period - Stopped by Philippe Sauvé with a rebound.
16:22 of 2nd period - Snap shot by Samuel Pahlsson.
16:22 of 2nd period - Stopped by Philippe Sauvé with a rebound.
16:32 of 2nd period - Hugh Jessiman is hit by Dany Roussin and loses puck.
16:55 of 2nd period - Wrist shot by Nathan Gerbe.
16:55 of 2nd period - Deflect By Matt D'Agostini.
16:55 of 2nd period - Shot Misses the Net.
16:55 of 2nd period - Puck is out of play.
16:56 of 2nd period - Andreas Engqvist wins face-off versus Nathan Gerbe in Thunder zone.
17:09 of 2nd period - Wrist shot by Steve Regier.
17:09 of 2nd period - Shot Misses the Net.
17:21 of 2nd period - Jordan Hendry is hit by Daniel Winnik and loses puck.
17:26 of 2nd period - Snap shot by Daniel Winnik.
17:26 of 2nd period - Stopped by Philippe Sauvé with a rebound.
17:30 of 2nd period - Wrist shot by Pierre-Alexandre Parenteau.
17:30 of 2nd period - Thunder goal is going for a video replay.
17:30 of 2nd period - The goal is good.
17:30 of 2nd period - Goal by Pierre-Alexandre Parenteau - Thunder : 3 - Little Stars : 2.
17:31 of 2nd period - Peter Regin wins face-off versus Krys Kolanos in neutral zone.
17:38 of 2nd period - Snap shot by Peter Regin.
17:38 of 2nd period - Stopped by Philippe Sauvé without a rebound.
17:38 of 2nd period - Minor Penalty to Matt Halischuk for Holding.
17:39 of 2nd period - Krys Kolanos wins face-off versus Peter Regin in Little Stars zone.
18:54 of 2nd period - Boris Valabik is hit by Mike Weber and loses puck.
19:37 of 2nd period - Boris Valabik is hit by Mike Weber and loses puck.
19:38 of 2nd period - Penalty to Matt Halischuk is over, Matt Halischuk is back on ice.
19:46 of 2nd period - Snap shot by Nathan Gerbe.
19:46 of 2nd period - Stopped by Ben Bishop with a rebound.
19:48 of 2nd period - Wrist shot by Nathan Gerbe.
19:48 of 2nd period - Shot Misses the Net.
19:50 of 2nd period - Snap shot by Matt Halischuk.
19:50 of 2nd period - Stopped by Ben Bishop without a rebound.
19:51 of 2nd period - Cody Bass wins face-off versus Tom Pyatt in Thunder zone.
3rd period
0:01 of 3rd period - Peter Regin wins face-off versus Patrick O'Sullivan in neutral zone.
0:15 of 3rd period - Snap shot by Peter Regin.
0:15 of 3rd period - Goal by Peter Regin - Thunder : 4 - Little Stars : 2.
0:16 of 3rd period - Patrick O'Sullivan wins face-off versus Peter Regin in neutral zone.
0:40 of 3rd period - Icing by Patrick O'Sullivan.
0:41 of 3rd period - Matt D'Agostini wins face-off versus Samuel Pahlsson in Little Stars zone.
0:41 of 3rd period - Matt D'Agostini is hit by Samuel Pahlsson.
1:16 of 3rd period - Derek Peltier is hit by Matt Pelech and loses puck.
1:27 of 3rd period - Wrist shot by Nathan Gerbe.
1:27 of 3rd period - Stopped by Ben Bishop with a rebound.
1:29 of 3rd period - Slapshot by Matt Pelech.
1:29 of 3rd period - Shot Blocked by Mike Weber.
1:31 of 3rd period - Wrist shot by Matt D'Agostini.
1:31 of 3rd period - Stopped by Ben Bishop with a rebound.
1:33 of 3rd period - Slapshot by Jonathan Blum.
1:33 of 3rd period - Shot Blocked by Mike Weber.
1:35 of 3rd period - Backhand shot by Jonathan Blum.
1:35 of 3rd period - Shot Misses the Net.
1:37 of 3rd period - Snap shot by Nathan Gerbe.
1:37 of 3rd period - Shot Blocked by Derek Peltier.
1:39 of 3rd period - Snap shot by Steve Regier.
1:39 of 3rd period - Goal by Steve Regier - Thunder : 4 - Little Stars : 3.
1:40 of 3rd period - Patrick O'Sullivan wins face-off versus Peter Regin in neutral zone.
1:47 of 3rd period - Snap shot by Patrick O'Sullivan.
1:47 of 3rd period - Shot Blocked by Adam Hall.
1:53 of 3rd period - Snap shot by Greg Stewart.
1:53 of 3rd period - Stopped by Ben Bishop without a rebound.
1:54 of 3rd period - Peter Regin wins face-off versus Patrick O'Sullivan in Thunder zone.
2:01 of 3rd period - Snap shot by Jason Chimera.
2:01 of 3rd period - Shot Misses the Net.
2:03 of 3rd period - Slapshot by Doug Janik.
2:03 of 3rd period - Stopped by Philippe Sauvé with a rebound.
2:21 of 3rd period - Krys Kolanos is hit by Ivan Novoseltsev and loses puck.
2:41 of 3rd period - Minor Penalty to Dany Roussin for Holding Stick.
2:42 of 3rd period - Patrick O'Sullivan wins face-off versus Peter Regin in Thunder zone.
2:45 of 3rd period - Backhand shot by Greg Stewart.
2:45 of 3rd period - Shot Blocked by Doug Janik.
2:47 of 3rd period - Wrist shot by Boris Valabik.
2:47 of 3rd period - Goal by Boris Valabik - Thunder : 4 - Little Stars : 4.
2:48 of 3rd period - Patrick O'Sullivan wins face-off versus Peter Regin in neutral zone.
2:57 of 3rd period - Slapshot by Jordan Hendry.
2:57 of 3rd period - Stopped by Ben Bishop with a rebound.
3:15 of 3rd period - Snap shot by Krys Kolanos.
3:15 of 3rd period - Shot Misses the Net.
3:23 of 3rd period - Wrist shot by Peter Regin.
3:23 of 3rd period - Stopped by Philippe Sauvé with a rebound.
3:25 of 3rd period - Snap shot by Alexei Semenov.
3:25 of 3rd period - Shot Blocked by Tyler Eckford.
3:41 of 3rd period - Snap shot by Peter Regin.
3:41 of 3rd period - Stopped by Philippe Sauvé without a rebound.
3:42 of 3rd period - Ivan Novoseltsev wins face-off versus Patrick O'Sullivan in Little Stars zone.
4:36 of 3rd period - Wrist shot by Steve MacIntyre.
4:36 of 3rd period - Shot Misses the Net.
5:06 of 3rd period - Wrist shot by Greg Stewart.
5:06 of 3rd period - Stopped by Ben Bishop without a rebound.
5:07 of 3rd period - Patrick O'Sullivan wins face-off versus Tom Pyatt in Thunder zone.
5:10 of 3rd period - Snap shot by Greg Stewart.
5:10 of 3rd period - Shot Misses the Net.
5:12 of 3rd period - Slapshot by Jordan Hendry.
5:12 of 3rd period - Goal by Jordan Hendry - Thunder : 4 - Little Stars : 5.
5:13 of 3rd period - Greg Stewart wins face-off versus Adam Hall in neutral zone.
5:15 of 3rd period - Jordan Hendry is hit by Adam Hall and loses puck.
5:38 of 3rd period - Nathan Gerbe is hit by Doug Janik and loses puck.
5:40 of 3rd period - Minor Penalty to Steve Regier for Tripping.
5:41 of 3rd period - Peter Regin wins face-off versus Krys Kolanos in Little Stars zone.
5:46 of 3rd period - Wrist shot by Peter Regin.
5:46 of 3rd period - Stopped by Philippe Sauvé with a rebound.
7:30 of 3rd period - Boris Valabik is hit by Peter Regin and loses puck.
7:40 of 3rd period - Penalty to Steve Regier is over, Steve Regier is back on ice.
7:48 of 3rd period - Off-side.
7:49 of 3rd period - Dany Roussin wins face-off versus Nathan Gerbe in neutral zone.
7:58 of 3rd period - Slapshot by Tom Pyatt.
7:58 of 3rd period - Stopped by Philippe Sauvé with a rebound.
8:00 of 3rd period - Snap shot by Dany Roussin.
8:00 of 3rd period - Shot Blocked by Jonathan Blum.
8:02 of 3rd period - Slapshot by Ray Macias.
8:02 of 3rd period - Shot Misses the Net.
8:04 of 3rd period - Slapshot by Joey Ryan.
8:04 of 3rd period - Shot Blocked by Jordan Bendfeld.
8:13 of 3rd period - Off-side.
8:14 of 3rd period - Troy Bodie wins face-off versus Andreas Engqvist in neutral zone.
8:14 of 3rd period - Minor Penalty to Daniel Winnik for High sticking.
8:15 of 3rd period - Peter Regin wins face-off versus Patrick O'Sullivan in Thunder zone.
8:30 of 3rd period - Slapshot by Peter Regin.
8:30 of 3rd period - Shot Misses the Net.
8:44 of 3rd period - Slapshot by Nathan Gerbe.
8:44 of 3rd period - Deflect By Samuel Pahlsson.
8:44 of 3rd period - Goal by Nathan Gerbe - Thunder : 4 - Little Stars : 6.
8:44 of 3rd period - Adam Munro enters game.
8:45 of 3rd period - Peter Regin wins face-off versus Patrick O'Sullivan in neutral zone.
9:10 of 3rd period - Ivan Novoseltsev is hit by Nathan Gerbe and loses puck.
9:15 of 3rd period - Snap shot by Steve Regier.
9:15 of 3rd period - Stopped by Adam Munro without a rebound.
9:16 of 3rd period - Nathan Gerbe wins face-off versus Samuel Pahlsson in Thunder zone.
9:22 of 3rd period - Minor Penalty to Nathan Gerbe for Interference.
9:23 of 3rd period - Peter Regin wins face-off versus Krys Kolanos in Little Stars zone.
9:24 of 3rd period - Slapshot by Doug Janik.
9:24 of 3rd period - Stopped by Philippe Sauvé without a rebound.
9:25 of 3rd period - Peter Regin wins face-off versus Krys Kolanos in Little Stars zone.
9:50 of 3rd period - Peter Regin is hit by Boris Valabik and loses puck.
9:57 of 3rd period - Wrist shot by Peter Regin.
9:57 of 3rd period - Deflect By Adam Hall.
9:57 of 3rd period - Shot Misses the Net.
9:57 of 3rd period - Puck is out of play.
9:58 of 3rd period - Samuel Pahlsson wins face-off versus Krys Kolanos in Little Stars zone.
10:03 of 3rd period - Wrist shot by Samuel Pahlsson.
10:03 of 3rd period - Shot Misses the Net.
10:05 of 3rd period - Slapshot by Mike Weber.
10:05 of 3rd period - Stopped by Philippe Sauvé without a rebound.
10:06 of 3rd period - Krys Kolanos wins face-off versus Samuel Pahlsson in Little Stars zone.
10:21 of 3rd period - Snap shot by Samuel Pahlsson.
10:21 of 3rd period - Goal by Samuel Pahlsson - Thunder : 5 - Little Stars : 6.
10:22 of 3rd period - Patrick O'Sullivan wins face-off versus Peter Regin in neutral zone.
10:49 of 3rd period - Ivan Novoseltsev is hit by Matt D'Agostini and loses puck.
10:54 of 3rd period - Snap shot by Nathan Gerbe.
10:54 of 3rd period - Stopped by Adam Munro with a rebound.
10:56 of 3rd period - Backhand shot by Tyler Eckford.
10:56 of 3rd period - Shot Misses the Net.
10:58 of 3rd period - Wrist shot by Matt Pelech.
10:58 of 3rd period - Shot Blocked by Samuel Pahlsson.
11:00 of 3rd period - Snap shot by Matt Pelech.
11:00 of 3rd period - Shot Blocked by Scott Parse.
11:22 of 3rd period - Snap shot by Dany Roussin.
11:22 of 3rd period - Stopped by Philippe Sauvé with a rebound.
11:23 of 3rd period - Minor Penalty to Krys Kolanos for Hooking.
11:23 of 3rd period - Minor Penalty to Dany Roussin for Boarding.
11:24 of 3rd period - Peter Regin wins face-off versus Patrick O'Sullivan in Little Stars zone.
11:39 of 3rd period - Mike Weber is hit by Jordan Hendry and loses puck.
13:04 of 3rd period - Mike Weber is hit by Steve Regier and loses puck.
13:23 of 3rd period - Penalty to Krys Kolanos is over, Krys Kolanos is back on ice.
13:23 of 3rd period - Penalty to Dany Roussin is over, Dany Roussin is back on ice.
13:40 of 3rd period - Wrist shot by Krys Kolanos.
13:40 of 3rd period - Shot Blocked by Dany Roussin.
13:42 of 3rd period - Snap shot by Jordan Hendry.
13:42 of 3rd period - Stopped by Adam Munro with a rebound.
13:44 of 3rd period - Slapshot by Steve Regier.
13:44 of 3rd period - Stopped by Adam Munro without a rebound.
13:45 of 3rd period - Cody Bass wins face-off versus Andreas Engqvist in Thunder zone.
13:46 of 3rd period - Wrist shot by Steve MacIntyre.
13:46 of 3rd period - Stopped by Adam Munro without a rebound.
13:47 of 3rd period - Cody Bass wins face-off versus Andreas Engqvist in Thunder zone.
13:56 of 3rd period - Snap shot by Daniel Winnik.
13:56 of 3rd period - Stopped by Philippe Sauvé without a rebound.
13:57 of 3rd period - Patrick O'Sullivan wins face-off versus Peter Regin in Little Stars zone.
14:01 of 3rd period - Minor Penalty to Matt Pelech for Hooking.
14:02 of 3rd period - Peter Regin wins face-off versus Krys Kolanos in Little Stars zone.
14:29 of 3rd period - Alexei Semenov is hit by Steve Regier and loses puck.
14:53 of 3rd period - Slapshot by Derek Peltier.
14:53 of 3rd period - Deflect By Scott Parse.
14:53 of 3rd period - Stopped by Philippe Sauvé without a rebound.
14:54 of 3rd period - Krys Kolanos wins face-off versus Peter Regin in Little Stars zone.
15:09 of 3rd period - Slapshot by Doug Janik.
15:09 of 3rd period - Deflect By Jason Chimera.
15:09 of 3rd period - Shot Blocked by Tyler Eckford.
15:09 of 3rd period - Puck is out of play.
15:10 of 3rd period - Nathan Gerbe wins face-off versus Jason Chimera in Little Stars zone.
15:27 of 3rd period - Jordan Hendry is hit by Alexei Semenov.
15:55 of 3rd period - Snap shot by Nathan Gerbe.
15:55 of 3rd period - Goal by Nathan Gerbe - Thunder : 5 - Little Stars : 7.
15:56 of 3rd period - Krys Kolanos wins face-off versus Peter Regin in neutral zone.
16:01 of 3rd period - Penalty to Matt Pelech is over, Matt Pelech is back on ice.
16:01 of 3rd period - Jason Chimera is hit by Krys Kolanos.
16:02 of 3rd period - Minor Penalty to Krys Kolanos for Roughing.
16:02 of 3rd period - Minor Penalty to Mike Weber for Interference.
16:03 of 3rd period - Patrick O'Sullivan wins face-off versus Peter Regin in Thunder zone.
18:02 of 3rd period - Penalty to Krys Kolanos is over, Krys Kolanos is back on ice.
18:02 of 3rd period - Penalty to Mike Weber is over, Mike Weber is back on ice.
18:06 of 3rd period - Snap shot by Pierre-Alexandre Parenteau.
18:06 of 3rd period - Stopped by Philippe Sauvé with a rebound.
18:08 of 3rd period - Slapshot by T.J. Oshie.
18:08 of 3rd period - Stopped by Philippe Sauvé with a rebound.
18:25 of 3rd period - Slapshot by Joey Ryan.
18:25 of 3rd period - Stopped by Philippe Sauvé without a rebound.
18:26 of 3rd period - Peter Regin wins face-off versus Patrick O'Sullivan in Little Stars zone.
Output by the SimonT Hockey Simulator (STHS) for François Prévost -- Original Page W3C XHTML 1.0 Valid